[Event "Titled Tuesday Blitz August 22 Late 2023"]
[White "Acikel, Mert"]
[Black "Grinev, Valeriy"]
[WhiteFideId "12956465"]
[BlackFideId "14117517"]
[WhiteElo "2320"]
[BlackElo "2507"]
[Result "0-1"]
[Round "3"]
[TimeControl "180+1"]
[Date "2023.08.22"]
[WhiteClock "0:00:00"]
[BlackClock "0:00:20"]
[Board "162"]

1. e4 c5 2. c3 Nc6 3. Nf3 Nf6 4. e5 Nd5 5. d4 cxd4 6. Bc4 Nb6 7. Bb3 d5 8. exd6 Qxd6 9. O-O Be6 10. Na3 a6 11. Bxe6 Qxe6 12. Nxd4 Nxd4 13. Qxd4 Rd8 14. Qh4 Qf6 15. Bg5 Qc6 16. Rfe1 Nc8 17. Nc2 Rd7 18. Nd4 Qg6 19. Re3 h6 20. Bf4 e6 21. Rae1 Be7 22. Qh3 O-O 23. Rg3 Bg5 24. Nf3 Rd5 25. Qg4 Bxf4 26. Qxf4 Qh5 27. c4 Rf5 28. Qc7 Rc5 29. Qxb7 Nd6 30. Qxa6 Nxc4 31. b4 Rc7 32. Qa4 Nb6 33. Qb3 Rfc8 34. h3 Nd5 35. b5 Nf4 36. a4 Rc3 37. Qb4 R8c4 38. Qb1 Nd3 39. Rd1 Qc5 40. b6 Qxf2+ 41. Kh2 Nf4 42. b7 Ne2 0-1


[Site "https://www.chess.com"]

[Event "Titled Tuesday Blitz August 22 Late 2023"]
[White "The_Straightforward_Rook"]
[Black "Hercegovac, Neven"]
[BlackFideId "2839135"]
[WhiteElo "2469"]
[BlackElo "2295"]
[Result "0-1"]
[Round "3"]
[TimeControl "180+1"]
[Date "2023.08.22"]
[WhiteClock "0:00:15"]
[BlackClock "0:00:20"]
[Board "163"]

1. d4 Nf6 2. c4 g6 3. h4 Bg7 4. Nc3 Nc6 5. e4 e5 6. d5 Nd4 7. Be3 c5 8. dxc6 dxc6 9. Nge2 Ng4 10. Bg5 Qb6 11. Na4 Qa5+ 12. Bd2 Qd8 13. f3 Nf6 14. Bc3 Nxe2 15. Qxd8+ Kxd8 16. Bxe2 Re8 17. O-O-O+ Kc7 18. g4 h6 19. c5 b5 20. Ba5+ Kb7 21. Nc3 Be6 22. Rd2 Nd7 23. b4 f5 24. Rhd1 Re7 25. exf5 gxf5 26. gxf5 Bxf5 27. Bd3 Bxd3 28. Rxd3 Nf6 29. Ne4 Nd5 30. Nd6+ Ka6 31. Rxd5 cxd5 32. Rxd5 Rf8 33. a4 bxa4 34. c6 Rxf3 35. c7 Rc3+ 36. Kd2 Rexc7 37. Bxc7 Rxc7 38. Ra5+ Kb6 39. Rxa4 Rd7 40. Ke3 Rxd6 41. Ke4 Rd4+ 42. Kf5 Rxh4 43. Ra1 Rxb4 44. Rg1 Bf8 45. Rg6+ Kb5 46. Rf6 Bc5 47. Kxe5 Bd4+ 0-1


[Site "https://www.chess.com"]

[Event "Titled Tuesday Blitz August 22 Late 2023"]
[White "dodoucb"]
[Black "Shapiro, Daniel"]
[BlackFideId "2001780"]
[WhiteElo "2457"]
[BlackElo "2295"]
[Result "1-0"]
[Round "3"]
[TimeControl "180+1"]
[Date "2023.08.22"]
[WhiteClock "0:01:07"]
[BlackClock "0:00:00"]
[Board "164"]

1. d4 Nf6 2. c4 e6 3. Nf3 d5 4. Nc3 Bb4 5. Bg5 c6 6. Bxf6 Qxf6 7. Qb3 Ba5 8. e3 O-O 9. Be2 dxc4 10. Qxc4 b5 11. Qb3 a6 12. O-O Nd7 13. Rac1 Bb7 14. Ne4 Qe7 15. Qc2 Rac8 16. a3 e5 17. dxe5 Nxe5 18. Nc5 Rfe8 19. Nxe5 Qxe5 20. Nxb7 Bc7 21. g3 Bb6 22. Nc5 Bxc5 23. Qxc5 Qxb2 24. Rc2 Qf6 25. Kg2 g6 26. Rfc1 Re5 27. Qb6 Rf5 28. Bd3 Rd5 29. Be4 Re5 30. Rxc6 Rxc6 31. Rxc6 Qe7 32. Rc8+ Kg7 33. Qd4 f6 34. Bd5 Qd6 35. Rg8+ Kh6 36. e4 Qxa3 37. Qd2+ g5 38. f4 gxf4 39. gxf4 1-0


[Site "https://www.chess.com"]

[Event "Titled Tuesday Blitz August 22 Late 2023"]
[White "Pinto, Daniel"]
[Black "Fajdetic, Hrvoje"]
[WhiteFideId "3303144"]
[BlackFideId "14501945"]
[WhiteElo "2444"]
[BlackElo "2252"]
[Result "0-1"]
[Round "3"]
[TimeControl "180+1"]
[Date "2023.08.22"]
[WhiteClock "0:00:00"]
[BlackClock "0:00:10"]
[Board "165"]

1. e4 c5 2. Nf3 a6 3. c3 d5 4. exd5 Qxd5 5. Be2 Bg4 6. O-O Nf6 7. h3 Bh5 8. d4 e6 9. Be3 Nbd7 10. c4 Qd6 11. Nc3 Be7 12. dxc5 Qxd1 13. Rfxd1 Bxc5 14. g4 Bxe3 15. fxe3 Bg6 16. b4 Rd8 17. a4 Ne4 18. Nxe4 Bxe4 19. a5 Ke7 20. Rd4 Bc6 21. Rad1 e5 22. R4d2 f6 23. b5 axb5 24. cxb5 Be4 25. a6 bxa6 26. bxa6 Nc5 27. Ra1 Rxd2 28. Nxd2 Bd5 29. Ra5 Rc8 30. a7 Ba8 31. Bf3 e4 32. Be2 Nd3 33. Bxd3 exd3 34. Kf2 Rc2 35. Ke1 Rc1+ 36. Kf2 Rc2 37. Ke1 Rc1+ 38. Kf2 Rh1 39. e4 Rxh3 40. Rb5 Rh2+ 41. Ke3 Rh3+ 42. Kd4 Rh2 43. Kxd3 Rh1 44. Rb7+ Bxb7 45. Nb3 Rh3+ 0-1


[Site "https://www.chess.com"]

[Event "Titled Tuesday Blitz August 22 Late 2023"]
[White "GAO"]
[Black "chessmateto"]
[WhiteElo "2267"]
[BlackElo "2434"]
[Result "1-0"]
[Round "3"]
[TimeControl "180+1"]
[Date "2023.08.22"]
[WhiteClock "0:00:13"]
[BlackClock "0:00:04"]
[Board "166"]

1. Nf3 d5 2. b3 c6 3. Bb2 Nf6 4. g3 Bf5 5. Bg2 e6 6. O-O Nbd7 7. d3 Be7 8. Nbd2 O-O 9. Re1 Re8 10. e4 dxe4 11. dxe4 Bg6 12. Qe2 Qc7 13. Rad1 Rad8 14. h3 Nc5 15. Ne5 a5 16. a4 Bh5 17. g4 Bg6 18. Nxg6 hxg6 19. Nc4 b5 20. Be5 Qa7 21. axb5 cxb5 22. Nd6 Bxd6 23. Bxd6 Qb6 24. e5 Nd5 25. Bxd5 exd5 26. Rxd5 Ne6 27. Qxb5 Qxb5 28. Rxb5 Nd4 29. Rxa5 Rxd6 30. exd6 Rxe1+ 31. Kg2 Nc6 32. Ra8+ Kh7 33. Rc8 Ne5 34. f4 Nd7 35. Rc7 Nf6 36. c4 Rd1 37. c5 Nd5 38. Rxf7 Kg8 39. Rb7 Nxf4+ 40. Kf3 Ne6 41. b4 Rd3+ 42. Ke4 Rxh3 43. Ke5 Nd8 44. Rb8 Re3+ 45. Kd4 Re8 46. Kd5 Kf7 47. b5 g5 48. c6 Re1 49. Rxd8 Rd1+ 50. Kc5 Rc1+ 51. Kb6 Ke6 52. c7 Kf6 53. c8=Q Re1 54. Qf5# 1-0


[Site "https://www.chess.com"]

[Event "Titled Tuesday Blitz August 22 Late 2023"]
[White "Cheng, Xiao"]
[Black "ManuMunoz01"]
[WhiteFideId "2022915"]
[WhiteElo "2432"]
[BlackElo "2248"]
[Result "1-0"]
[Round "3"]
[TimeControl "180+1"]
[Date "2023.08.22"]
[WhiteClock "0:00:36"]
[BlackClock "0:00:00"]
[Board "167"]

1. e4 c5 2. Nf3 e6 3. d4 cxd4 4. Nxd4 Nc6 5. Nc3 Qc7 6. Be3 a6 7. Qf3 Nf6 8. O-O-O Be7 9. Rg1 b5 10. g4 b4 11. Na4 d5 12. Bf4 e5 13. Nxc6 Qxc6 14. Bxe5 Qxa4 15. exd5 Bb7 16. Bc4 O-O 17. g5 Nd7 18. Bd4 Bc5 19. Bb3 Qb5 20. Qh5 Bxd4 21. Rxd4 g6 22. Qh6 Rfe8 23. h4 a5 24. h5 a4 25. hxg6 fxg6 26. Bc4 Qc5 27. d6+ Kh8 28. Rh4 Nf8 29. Rf4 Qe5 30. Rf7 Bd5 31. Bxd5 Ne6 32. Bxe6 1-0


[Site "https://www.chess.com"]

[Event "Titled Tuesday Blitz August 22 Late 2023"]
[White "Oliveira, Tiago Batista"]
[Black "Santos, Marcus Vinicius Moreira"]
[WhiteFideId "2108291"]
[BlackFideId "2103125"]
[WhiteElo "2148"]
[BlackElo "2430"]
[Result "0-1"]
[Round "3"]
[TimeControl "180+1"]
[Date "2023.08.22"]
[WhiteClock "0:00:03"]
[BlackClock "0:00:34"]
[Board "168"]

1. d4 Nf6 2. c4 e6 3. g3 d5 4. Nf3 Be7 5. Bg2 O-O 6. O-O dxc4 7. Qc2 a6 8. Qxc4 b5 9. Qc2 Bb7 10. Nbd2 Nbd7 11. e4 c5 12. e5 Nd5 13. dxc5 Nxc5 14. Rd1 Rc8 15. Qb1 Nb4 16. a3 Nbd3 17. b4 Nxc1 18. Rxc1 Na4 19. Rxc8 Qxc8 20. Ne4 Nc3 21. Nxc3 Qxc3 22. Ng5 Bxg5 23. Bxb7 Qxe5 24. Bxa6 Rb8 25. a4 bxa4 26. Bd3 g6 27. Rxa4 Be7 28. b5 Bc5 29. Re4 Qd6 30. Kg2 Qb6 31. Re2 Rd8 32. h4 Qb7+ 33. Be4 Qb6 34. Rc2 Rd4 35. Re2 Rb4 36. Qd3 Qxb5 37. Qd8+ Bf8 38. Bd3 Qb8 39. Qf6 Qd6 40. Qf3 Rb3 41. Qe4 Qxd3 0-1


[Site "https://www.chess.com"]

[Event "Titled Tuesday Blitz August 22 Late 2023"]
[White "Colpe, Malte"]
[Black "Andreassen, Lars"]
[WhiteFideId "24623075"]
[BlackFideId "1504878"]
[WhiteElo "2421"]
[BlackElo "2211"]
[Result "1-0"]
[Round "3"]
[TimeControl "180+1"]
[Date "2023.08.22"]
[WhiteClock "0:01:15"]
[BlackClock "0:00:43"]
[Board "169"]

1. Nf3 e6 2. g3 d5 3. Bg2 Nf6 4. O-O Be7 5. c4 dxc4 6. Na3 O-O 7. Nxc4 a6 8. d4 Ra7 9. Be3 Nd5 10. Bd2 b5 11. Na5 c5 12. dxc5 Bxc5 13. Rc1 Bb6 14. e4 Bxa5 15. Bxa5 Qxa5 16. exd5 Qxa2 17. Ng5 exd5 18. Bxd5 Qxb2 19. Qh5 Bf5 20. Nxf7 Raxf7 21. Qxf5 Qf6 22. Qxf6 gxf6 23. Rc7 Kg7 24. Bxf7 Rxf7 25. Rfc1 Nd7 26. R1c6 a5 27. Ra6 a4 28. Raa7 Ne5 29. Rxf7+ Nxf7 30. Rb7 Kg6 31. Rxb5 Ne5 32. Ra5 h5 33. Rxa4 Kg5 34. f4+ 1-0


[Site "https://www.chess.com"]

[Event "Titled Tuesday Blitz August 22 Late 2023"]
[White "miraitrunks"]
[Black "Ramadoss, Ashokkumar"]
[BlackFideId "5040990"]
[WhiteElo "1970"]
[BlackElo "2391"]
[Result "1-0"]
[Round "3"]
[TimeControl "180+1"]
[Date "2023.08.22"]
[WhiteClock "0:01:58"]
[BlackClock "0:01:59"]
[Board "170"]

1. e4 e6 2. Nc3 d5 3. Nf3 Nf6 4. e5 Nfd7 5. d4 c5 6. dxc5 Nc6 7. Bf4 a6 8. Bd3 Nxc5 9. O-O b5 10. a3 Be7 11. Qe2 Nxd3 12. Qxd3 O-O 13. h4 h6 14. h5 Bb7 15. Rad1 Rc8 16. Rfe1 b4 17. axb4 Nxb4 18. Qd2 Re8 19. Nh2 Bf8 20. Ng4 Qh4 21. Qe2 Rc4 22. g3 d4 23. gxh4 1-0


[Site "https://www.chess.com"]

[Event "Titled Tuesday Blitz August 22 Late 2023"]
[White "Powell, Paul"]
[Black "Perske, Thore"]
[WhiteFideId "2005840"]
[BlackFideId "12902195"]
[WhiteElo "2112"]
[BlackElo "2686"]
[Result "1-0"]
[Round "3"]
[TimeControl "180+1"]
[Date "2023.08.22"]
[WhiteClock "0:01:33"]
[BlackClock "0:01:28"]
[Board "171"]

1. d4 d5 2. Nf3 Nf6 3. Bf4 c5 4. e3 Nc6 5. Nbd2 Bg4 6. Be2 e6 7. c3 Qb6 8. dxc5 Bxc5 9. O-O O-O 10. b4 Be7 11. a4 a5 12. b5 Na7 13. Ne5 Bxe2 14. Qxe2 h6 15. h3 Nc8 16. c4 Nd6 17. cxd5 Nxd5 18. Nd7 Qd8 19. Nxf8 Qxf8 20. Bxd6 Bxd6 21. Rac1 Rd8 22. Nf3 Bb8 23. Rfd1 Nb4 24. Rxd8 Qxd8 25. Rd1 Qc7 26. Qd2 Nd5 27. e4 Nc3 28. Qd8+ Kh7 29. Qxc7 Bxc7 30. Rd7 Bf4 31. Rxb7 Nxa4 32. Ra7 1-0


[Site "https://www.chess.com"]

[Event "Titled Tuesday Blitz August 22 Late 2023"]
[White "Topalov, Aleksandar"]
[Black "Wu, Derek"]
[WhiteFideId "925659"]
[BlackFideId "30914558"]
[WhiteElo "2327"]
[BlackElo "2669"]
[Result "0-1"]
[Round "3"]
[TimeControl "180+1"]
[Date "2023.08.22"]
[WhiteClock "0:00:57"]
[BlackClock "0:00:34"]
[Board "172"]

1. b3 e5 2. Bb2 Nc6 3. c4 Nf6 4. e3 d5 5. cxd5 Nxd5 6. a3 Bd6 7. Qc2 O-O 8. Nf3 Re8 9. d3 Qf6 10. Nbd2 Qg6 11. g3 Be6 12. Bg2 Rad8 13. O-O Qh5 14. Ne4 Bh3 15. b4 Bxg2 16. Kxg2 a6 17. Rac1 Kh8 18. Rfd1 f5 19. Nc5 Bxc5 20. Qxc5 f4 21. e4 Rf8 22. exd5 fxg3 23. dxc6 Qxf3+ 24. Kg1 gxf2+ 25. Kf1 b6 26. Qxe5 Qh3+ 27. Ke2 Rde8 28. Rf1 Rxe5+ 0-1


[Site "https://www.chess.com"]

[Event "Titled Tuesday Blitz August 22 Late 2023"]
[White "Karttunen, Mika"]
[Black "kiwibobo"]
[WhiteFideId "502081"]
[WhiteElo "2633"]
[BlackElo "2320"]
[Result "1-0"]
[Round "3"]
[TimeControl "180+1"]
[Date "2023.08.22"]
[WhiteClock "0:00:15"]
[BlackClock "0:00:08"]
[Board "173"]

1. d4 Nf6 2. c4 g6 3. f3 d5 4. cxd5 Nxd5 5. e4 Nb6 6. Be3 Bg7 7. Nc3 O-O 8. Qd2 e5 9. d5 c6 10. O-O-O cxd5 11. exd5 Na6 12. h4 h5 13. g4 hxg4 14. h5 Bf5 15. fxg4 Bxg4 16. Be2 Bf5 17. Rf1 Rc8 18. Rxf5 gxf5 19. h6 Rxc3+ 20. bxc3 Bf6 21. c4 Qd6 22. Bg5 Qa3+ 23. Kd1 Qd6 24. Nf3 e4 25. Bf4 Qb4 26. Rg1+ Kh8 27. Be5 Bxe5 28. Nxe5 Qxd2+ 29. Kxd2 Kh7 30. Ke3 Kxh6 31. Kf4 Nc5 32. Kxf5 Nbd7 33. Rh1+ Kg7 34. Rg1+ Kh6 35. Ng4+ Kh7 36. Nf6+ Nxf6 37. Kxf6 Nd7+ 38. Ke7 Rg8 39. Rh1+ Kg6 40. Kxd7 Kf5 41. Rf1+ Ke5 42. Rxf7 Rg2 43. Bh5 e3 44. d6 e2 45. Re7+ Kd4 46. Bxe2 Kc5 47. Re5+ Kb6 48. Rb5+ Ka6 49. Re5 Kb6 50. c5+ Ka5 51. c6+ Kb6 52. c7 Rg7+ 53. Re7 Rg8 54. c8=N+ Rxc8 55. Kxc8 1-0


[Site "https://www.chess.com"]

[Event "Titled Tuesday Blitz August 22 Late 2023"]
[White "Brahami, Lamine"]
[Black "Almiron, Antonio"]
[WhiteFideId "7905637"]
[BlackFideId "3701166"]
[WhiteElo "2309"]
[BlackElo "2624"]
[Result "0-1"]
[Round "3"]
[TimeControl "180+1"]
[Date "2023.08.22"]
[WhiteClock "0:00:33"]
[BlackClock "0:00:23"]
[Board "174"]

1. d4 Nf6 2. c4 e6 3. Nf3 Bb4+ 4. Nbd2 O-O 5. a3 Be7 6. e4 d5 7. e5 Nfd7 8. cxd5 exd5 9. b4 a5 10. Rb1 axb4 11. axb4 c6 12. Bd3 Na6 13. Ba3 Nc7 14. Bc1 f6 15. O-O fxe5 16. dxe5 Ne6 17. Qc2 g6 18. Re1 Kg7 19. Nf1 Rxf3 20. gxf3 Qf8 21. Qe2 Nd4 22. Qe3 Nxf3+ 23. Kg2 Nxe1+ 24. Qxe1 Ra2 25. Bb2 Kg8 26. Ng3 Qf4 27. e6 Nf8 28. Qc3 Rxb2 29. Rxb2 Bxe6 30. b5 Bf6 31. Qb4 Qc1 32. Rc2 Qd1 33. Rd2 Qe1 34. bxc6 bxc6 35. Rb2 Bc3 36. Qb3 Bxb2 37. Qxb2 Qa5 38. h4 Qd8 39. h5 Qg5 40. hxg6 hxg6 41. Qc2 Bd7 42. Qc5 Qf6 43. Ne2 Bg4 44. Nd4 Bd7 45. Nf3 Ne6 46. Qe3 Nf4+ 47. Kg1 Nxd3 48. Qxd3 Qf5 49. Qe3 Qe4 50. Qc3 Bg4 51. Ne5 c5 52. Nd7 Bxd7 53. Qxc5 Qg4+ 54. Kf1 Qe6 55. Qd4 Kf7 56. Qf4+ Qf6 57. Qc7 Qe6 58. Qf4+ Ke7 59. Qg5+ Kd6 60. Qg3+ Kc5 61. Qc3+ Kb6 62. Qb4+ Bb5+ 63. Kg1 Qe4 64. Qd6+ Bc6 65. Qd8+ Kb5 66. Qb8+ Kc4 67. Qb2 d4 68. Qc1+ Kd5 69. Qg5+ Qf5 70. Qd8+ Qd7 71. Qa5+ Kd6 72. Qa3+ Kc7 73. Qa7+ Kd8 74. Qb8+ Ke7 75. Qe5+ Kf7 76. Qf4+ Kg7 77. Qe5+ Kh7 78. Qh2+ Kg8 79. Qb8+ Qe8 80. Qg3 Qe1+ 81. Kh2 Qh1# 0-1


[Site "https://www.chess.com"]

[Event "Titled Tuesday Blitz August 22 Late 2023"]
[White "Veiga, Jose Francisco R P Neves"]
[Black "Cruz, William Ferreira Da"]
[WhiteFideId "1930087"]
[BlackFideId "2118050"]
[WhiteElo "2586"]
[BlackElo "2306"]
[Result "1-0"]
[Round "3"]
[TimeControl "180+1"]
[Date "2023.08.22"]
[WhiteClock "0:02:30"]
[BlackClock "0:00:41"]
[Board "175"]

1. d4 Nf6 2. Nf3 g6 3. Bg5 Bg7 4. Nbd2 d5 5. e3 h6 6. Bh4 O-O 7. h3 b6 8. Be2 c5 9. c3 Ba6 10. O-O Bxe2 11. Qxe2 Nc6 12. dxc5 bxc5 13. e4 dxe4 14. Nxe4 Nxe4 15. Qxe4 Qb6 16. Rab1 e5 17. Rfd1 f5 18. Qc4+ Kh7 19. Rd6 g5 20. Bxg5 e4 21. Bxh6 exf3 22. Qh4 Qc7 23. Bxg7+ Kxg7 24. Qh6+ Kf7 25. Qg6+ Ke7 26. Re1+ 1-0


[Site "https://www.chess.com"]

[Event "Titled Tuesday Blitz August 22 Late 2023"]
[White "matenitian"]
[Black "Alfaro, William"]
[BlackFideId "6100457"]
[WhiteElo "2532"]
[BlackElo "2300"]
[Result "1-0"]
[Round "3"]
[TimeControl "180+1"]
[Date "2023.08.22"]
[WhiteClock "0:00:23"]
[BlackClock "0:00:00"]
[Board "176"]

1. e4 e5 2. Nf3 Nc6 3. Bb5 f5 4. d3 fxe4 5. dxe4 Nf6 6. Qe2 Bb4+ 7. c3 Bc5 8. Bg5 h6 9. Bh4 g5 10. Bg3 d6 11. Nbd2 Bd7 12. h3 a6 13. Bc4 Qe7 14. O-O-O b5 15. Bd5 Rb8 16. Nb3 Bb6 17. h4 g4 18. Ne1 Nd8 19. Nd2 c6 20. Bb3 a5 21. f4 Ne6 22. fxe5 dxe5 23. Bxe5 Nc5 24. Bxb8 a4 25. Bc2 a3 26. b4 Ne6 27. Be5 O-O 28. Nd3 Kh7 29. Nb3 Ng7 30. Bxf6 1-0


[Site "https://www.chess.com"]

[Event "Titled Tuesday Blitz August 22 Late 2023"]
[White "Gerbelli Neto, Eduardo"]
[Black "Graif, William"]
[WhiteFideId "2103281"]
[BlackFideId "2609835"]
[WhiteElo "2298"]
[BlackElo "2517"]
[Result "1/2-1/2"]
[Round "3"]
[TimeControl "180+1"]
[Date "2023.08.22"]
[WhiteClock "0:00:18"]
[BlackClock "0:00:10"]
[Board "177"]

1. e4 e5 2. Nf3 Bc5 3. Bc4 Nf6 4. d3 Nc6 5. Bg5 d6 6. Nc3 h6 7. Bxf6 Qxf6 8. Nd5 Qd8 9. c3 a6 10. b4 Ba7 11. O-O Bg4 12. h3 Bh5 13. Ne3 O-O 14. g4 Bg6 15. Nf5 Ne7 16. N3h4 d5 17. Nxe7+ Qxe7 18. Nxg6 fxg6 19. Bxd5+ Kh7 20. Kg2 c6 21. Bb3 Rf4 22. f3 Raf8 23. Qe2 h5 24. a3 R8f6 25. Rad1 Qd8 26. d4 exd4 27. cxd4 Rd6 28. d5 Rf8 29. e5 Rd7 30. d6 Bb8 31. Bc2 Re8 32. gxh5 Qg5+ 33. Kh1 Rxe5 34. Bxg6+ Kg8 35. Qg2 Rxd6 36. Rxd6 Bxd6 37. Qxg5 Rxg5 38. Rd1 Rd5 39. Re1 Re5 40. Rd1 Rd5 41. Rxd5 cxd5 42. Kg2 Kf8 43. Kf2 a5 44. bxa5 Bxa3 45. Ke3 Bc5+ 46. Kd3 Ke7 47. Bf5 Kd6 48. Bc8 Kc7 49. Be6 Kd6 50. Bf7 Bb4 51. Kd4 Bc5+ 52. Kd3 Ke5 53. f4+ Kd6 54. f5 Ke5 55. Be6 Bb4 56. Bc8 Bxa5 57. Bxb7 Kxf5 58. Bxd5 Kg5 59. Bf3 Kh4 60. Bg4 Kg5 61. Ke4 Kh6 62. Kf5 Bd8 63. Ke6 Bf6 64. Kf7 Ba1 65. Bf3 Bf6 66. Bg4 Ba1 67. Bf3 Bf6 68. Bg4 1/2-1/2


[Site "https://www.chess.com"]

[Event "Titled Tuesday Blitz August 22 Late 2023"]
[White "Sreyas Payyappat"]
[Black "Vaglio Munoz, Jaime"]
[WhiteFideId "46674969"]
[BlackFideId "6500145"]
[WhiteElo "2513"]
[BlackElo "2294"]
[Result "1-0"]
[Round "3"]
[TimeControl "180+1"]
[Date "2023.08.22"]
[WhiteClock "0:02:07"]
[BlackClock "0:01:55"]
[Board "178"]

1. e4 e6 2. d4 d5 3. Nc3 dxe4 4. Nxe4 Nf6 5. Bg5 Be7 6. Bxf6 Bxf6 7. Nf3 b6 8. Bd3 Bb7 9. Qc1 Nd7 10. Qd2 c5 11. Nd6+ Ke7 12. Nxb7 Qc7 13. Be4 Rab8 14. dxc5 Rxb7 15. Qd6+ Kd8 16. Bxb7 Qxb7 17. c6 Qc7 18. Qxd7+ Qxd7 19. cxd7 Kxd7 20. O-O-O+ Ke7 21. Rhe1 g5 22. Ne5 Rc8 23. Rd7+ Ke8 24. Rxa7 Be7 25. g3 f6 26. Ng4 e5 27. Nxe5 Bb4 28. c3 Bd6 29. Nc4+ Be7 30. Nd6+ Kf8 1-0


[Site "https://www.chess.com"]

[Event "Titled Tuesday Blitz August 22 Late 2023"]
[White "Gasparyan, David"]
[Black "Hoffmann, Asa"]
[WhiteFideId "13311980"]
[BlackFideId "2001470"]
[WhiteElo "2509"]
[BlackElo "2292"]
[Result "1-0"]
[Round "3"]
[TimeControl "180+1"]
[Date "2023.08.22"]
[WhiteClock "0:00:30"]
[BlackClock "0:00:00"]
[Board "179"]

1. Nf3 d6 2. e4 Bg4 3. Bc4 e6 4. h3 Bh5 5. d4 Nf6 6. Nc3 c6 7. d5 cxd5 8. exd5 e5 9. Be3 a6 10. a4 Nbd7 11. Qd2 Bxf3 12. gxf3 Be7 13. Rg1 g6 14. Bh6 Rc8 15. Be2 Qc7 16. a5 Nc5 17. Ra3 e4 18. fxe4 Nfxe4 19. Qe3 Nxc3 20. Rxc3 Qxa5 21. Bg5 Rc7 22. Bf6 O-O 23. Bxe7 Re8 24. Bxd6 Rxe3 25. fxe3 Qa1+ 26. Bd1 Qxb2 27. Rc4 Qb5 28. Be2 Qa5+ 29. Kf2 Ne4+ 30. Rxe4 Rxc2 31. Re8+ Kg7 32. Be5+ f6 33. Re7+ Kf8 34. Bxf6 Qxd5 35. Re5 Qf7 36. Re4 1-0


[Site "https://www.chess.com"]

[Event "Titled Tuesday Blitz August 22 Late 2023"]
[White "Van Foreest, Machteld"]
[Black "Mikhaylova, Irina"]
[WhiteFideId "1051563"]
[BlackFideId "4109040"]
[WhiteElo "2497"]
[BlackElo "2287"]
[Result "1-0"]
[Round "3"]
[TimeControl "180+1"]
[Date "2023.08.22"]
[WhiteClock "0:00:13"]
[BlackClock "0:00:01"]
[Board "180"]

1. e4 c5 2. Nf3 Nc6 3. d4 cxd4 4. Nxd4 e5 5. Nb5 d6 6. N1c3 a6 7. Na3 b5 8. Nd5 Nge7 9. Bg5 h6 10. Be3 Nxd5 11. exd5 Ne7 12. c4 Nf5 13. cxb5 Nxe3 14. fxe3 Qh4+ 15. g3 Qe4 16. Qc2 Qxe3+ 17. Be2 Bd7 18. bxa6 Be7 19. Qd3 Qb6 20. Qb3 Qa5+ 21. Qc3 Qb6 22. Nc4 Qa7 23. Na5 O-O 24. Nc6 Bxc6 25. dxc6 d5 26. b4 d4 27. Qd3 Bxb4+ 28. Kf1 Bc3 29. Rb1 Qc5 30. Qe4 f5 31. Qg2 e4 32. Bb5 d3 33. a4 e3 34. Bxd3 f4 35. Qe4 fxg3+ 36. Kg2 Rf2+ 37. Kg1 Raf8 38. Qc4+ Qxc4 39. Bxc4+ Kh8 40. hxg3 e2 41. Bxe2 Rxe2 42. Rh2 Bd4+ 43. Kh1 Re3 44. c7 Rc3 45. Rb8 Rc1+ 46. Kg2 Rg1+ 47. Kh3 Bc5 48. Rxf8+ Bxf8 49. c8=Q Kh7 50. Qxf8 1-0


[Site "https://www.chess.com"]

[Event "Titled Tuesday Blitz August 22 Late 2023"]
[White "Miszler, Levente"]
[Black "Cooper, Aaron"]
[WhiteFideId "763276"]
[BlackFideId "2634945"]
[WhiteElo "2495"]
[BlackElo "2277"]
[Result "1-0"]
[Round "3"]
[TimeControl "180+1"]
[Date "2023.08.22"]
[WhiteClock "0:01:52"]
[BlackClock "0:00:48"]
[Board "181"]

1. e4 d5 2. exd5 Qxd5 3. d4 e5 4. Nc3 Qxd4 5. Qxd4 exd4 6. Nb5 Kd8 7. Bf4 Na6 8. O-O-O c5 9. c3 Bd7 10. cxd4 cxd4 11. Nf3 Rc8+ 12. Kb1 Nf6 13. Nfxd4 Nd5 14. Bd6 Bxd6 15. Nxd6 Kc7 16. Nxc8 Kxc8 17. Nb5 Bxb5 18. Bxb5 Nac7 19. Bc4 Nf4 20. Bxf7 Rf8 21. Bb3 Nxg2 22. Rhg1 Rxf2 23. Rdf1 Rxf1+ 24. Rxf1 h5 25. Rf8+ Kd7 26. Rf7+ Kd6 27. Rxg7 Nf4 28. Rh7 b6 29. Bd1 1-0


[Site "https://www.chess.com"]

[Event "Titled Tuesday Blitz August 22 Late 2023"]
[White "Cardozo Munar, Carlos Eduardo"]
[Black "Kovalevsky, Stanislav"]
[WhiteFideId "4409477"]
[BlackFideId "13508598"]
[WhiteElo "2275"]
[BlackElo "2495"]
[Result "1-0"]
[Round "3"]
[TimeControl "180+1"]
[Date "2023.08.22"]
[WhiteClock "0:01:47"]
[BlackClock "0:00:20"]
[Board "182"]

1. d4 d5 2. c3 Bf5 3. Bf4 Nf6 4. Nf3 e6 5. Nbd2 c5 6. e3 Nc6 7. Bb5 Qb6 8. Qa4 Be7 9. Ne5 O-O 10. Bxc6 Qxb2 11. O-O Qxd2 12. Bxb7 Rab8 13. Qxa7 Bd6 14. dxc5 Bxe5 15. Bxe5 Rxb7 16. Qxb7 Ng4 17. Bd6 Be4 18. c6 Nxe3 19. c7 Qxc3 20. Bxf8 Nxg2 21. c8=Q Nf4 22. Bc5# 1-0


[Site "https://www.chess.com"]

[Event "Titled Tuesday Blitz August 22 Late 2023"]
[White "Filgueiras, Nathan Felipe"]
[Black "Saucey, Michel"]
[WhiteFideId "2188562"]
[BlackFideId "601845"]
[WhiteElo "2493"]
[BlackElo "2270"]
[Result "1-0"]
[Round "3"]
[TimeControl "180+1"]
[Date "2023.08.22"]
[WhiteClock "0:01:30"]
[BlackClock "0:00:00"]
[Board "183"]

1. e4 c5 2. Nf3 e6 3. d4 cxd4 4. Nxd4 Nc6 5. Nc3 Qc7 6. Be2 a6 7. O-O Nf6 8. Be3 Be7 9. f4 d6 10. Qe1 O-O 11. Qg3 b5 12. Bd3 b4 13. Nce2 Bb7 14. Rae1 Rac8 15. Nxc6 Qxc6 16. Nd4 Qa4 17. e5 Nd5 18. Bd2 Qxa2 19. Qh3 g6 20. Nxe6 Qxb2 21. Nxf8 Rxf8 22. f5 Bc8 23. Qh6 dxe5 24. f6 Bxf6 25. Be4 Qd4+ 26. Kh1 Bg7 27. Qg5 Nc3 28. Bd3 1-0


[Site "https://www.chess.com"]

[Event "Titled Tuesday Blitz August 22 Late 2023"]
[White "Rodriguez Santiago, Jaime"]
[Black "Bilan, Danila"]
[WhiteFideId "3100898"]
[BlackFideId "24161918"]
[WhiteElo "2268"]
[BlackElo "2488"]
[Result "1/2-1/2"]
[Round "3"]
[TimeControl "180+1"]
[Date "2023.08.22"]
[WhiteClock "0:00:14"]
[BlackClock "0:00:05"]
[Board "184"]

1. c4 c6 2. d4 d5 3. cxd5 cxd5 4. Bf4 Nc6 5. e3 Nf6 6. Nc3 Bf5 7. Qb3 Na5 8. Qa4+ Bd7 9. Qc2 Rc8 10. Bd3 e6 11. Nf3 Nc4 12. O-O Bb4 13. Rac1 O-O 14. Qe2 Qa5 15. Bxc4 Rxc4 16. Ne5 Rcc8 17. Bg5 Bxc3 18. Nxd7 Nxd7 19. bxc3 Rxc3 20. Rxc3 Qxc3 21. Qb5 Nb6 22. h3 Qc4 23. Qb2 Rc8 24. Be7 h6 25. Rb1 Qc2 26. Bc5 Qxb2 27. Rxb2 Rc6 28. Rb4 f5 29. a4 Nd7 30. Rxb7 Nxc5 31. dxc5 Rxc5 32. Rxa7 Rc1+ 33. Kh2 Rc2 34. Kg3 Rc4 35. a5 Ra4 36. a6 Kh7 37. h4 Kg6 38. Kh3 Kf6 39. g3 g5 40. h5 g4+ 41. Kg2 Kg5 42. Rg7+ Kxh5 43. a7 e5 44. Kf1 Ra2 45. Rd7 d4 46. exd4 exd4 47. Rxd4 Rxa7 48. Kg2 Kg5 49. Rd8 Rg7 50. Rd5 h5 51. Rc5 Rf7 52. Rb5 h4 53. gxh4+ Kxh4 54. Rb8 Rd7 55. Rh8+ Kg5 56. Rg8+ Kf4 57. Rb8 Rd4 58. Rb3 Kg5 59. Rb8 f4 60. Rg8+ Kf5 61. Rf8+ Ke4 62. Re8+ Kf5 63. Rf8+ Ke5 64. Re8+ Kf6 65. Rf8+ Kg5 66. Rg8+ Kf5 67. Rf8+ 1/2-1/2


[Site "https://www.chess.com"]

[Event "Titled Tuesday Blitz August 22 Late 2023"]
[White "Schut, Han"]
[Black "Mickiewicz, Piotr"]
[WhiteFideId "1005561"]
[BlackFideId "1114891"]
[WhiteElo "2260"]
[BlackElo "2484"]
[Result "0-1"]
[Round "3"]
[TimeControl "180+1"]
[Date "2023.08.22"]
[WhiteClock "0:00:35"]
[BlackClock "0:01:04"]
[Board "185"]

1. e4 g6 2. d4 Bg7 3. Nc3 d6 4. f4 a6 5. Nf3 b5 6. Bd3 Bb7 7. e5 e6 8. Qe2 Ne7 9. a4 b4 10. Ne4 Nd5 11. c4 bxc3 12. bxc3 O-O 13. Bd2 Nc6 14. O-O a5 15. Rab1 Ra7 16. h4 Nce7 17. h5 Bc6 18. Bc2 Nf5 19. hxg6 hxg6 20. g4 Nh4 21. Nxh4 Qxh4 22. Kg2 f5 23. Rh1 Qe7 24. exd6 cxd6 25. Ng5 Nxf4+ 0-1


[Site "https://www.chess.com"]